cohdb
Replays
Latest Replays
All Replays
Popular Replays
Top Player Replays
Match Explorer
How It Works
Community
CoH3 Stats
Reddit
Sign in to upload your games and track your stats! →
Sign in with Steam
Match 44631618
Unlisted
Match 44631618
Overview
Messages
Build Orders
End
Construct Weapon Support Center
M1919 Machine Gun Team
M1919 Machine Gun Team
Selects Armored Battlegroup
Selects Veteran Crews
Mechanized Support Center
Sniper
Sniper
Construct Motor Pool
Selects Fast Deploy
Selects M31 Recovery Vehicle
M8 Greyhound Armored Car
Improvised Armor
Engineer Squad
Construct Barracks
Riflemen Squad
M16 Multiple Gun Motor Carriage
Designate Forward Repair Station
M3 75 mm Gun Motor Carriage
M3 75 mm Gun Motor Carriage
Selects War Machine
M31 Recovery Vehicle
Designate Forward Repair Station
M1919 Machine Gun Team
Construct Tank Depot
Designate Forward Repair Station
Selects Seek and Destroy
Selects UNKNOWN (2160077)
M4A3E8 Sherman Easy Eight
DCrzy
Serial Chiller
LöckChen
먼치킨
The Mikening
[★] Hans / ZAYn0nDER
[★] Defie
=|CDS|=Fabi
0
0
Comments
sign in to comment!
No comments posted yet!